 Dungeon Crawl Stone Soup version 0.29.1-13-g9f3cf754e1 (webtiles) character file.

Game seed: 16126240753416780495

1892 Legacy the Fighter (level 8, 0/124 HPs)
             Began as a Minotaur Berserker on Jan 28, 2023.
             Was an Elder of Trog.
             Slain by an orc warrior
             ... wielding a +0 dire flail
              (7 damage)
             ... on level 6 of the Dungeon.
             The game lasted 00:13:05 (5966 turns).

Legacy the Fighter (Minotaur Berserker)             Turns: 5966, Time: 00:13:06

Health: 0/124      AC: 13    Str: 28    XL:     8   Next: 93%
Magic:  7/7        EV:  9    Int:  4    God:    Trog [****..]
Gold:   323        SH:  0    Dex: 12    Spells: 7/7 levels left

rFire   . . .      SeeInvis .   a - +0 hand axe
rCold   . . .      Faith    .   (no shield)
rNeg    . . .      Spirit   .   b - +0 plate armour
rPois   .          Reflect  .   (helmet restricted)
rElec   .          Harm     .   (no cloak)
rCorr   .          Rampage  .   (no gloves)
Will    .....                   (no boots)
Stlth   ..........              f - amulet of regeneration
HPRegen 1.10/turn               o - +6 ring of strength
MPRegen 0.10/turn               (no ring)

@: berserking, very quick
A: horns 2, retaliatory headbutt
a: Renounce Religion, Berserk, Trog's Hand, Brothers in Arms


You were on level 6 of the Dungeon.
You worshipped Trog.
Trog was greatly pleased with you.
You visited 1 branch of the dungeon, and saw 6 of its levels.

You collected 323 gold pieces.

Inventory:

Hand Weapons
 a - a +0 hand axe (weapon)
 m - a +0 arbalest
 q - a +0 great sword
Missiles
 v - a throwing net (quivered)
Armour
 b - a +0 plate armour (worn)
Jewellery
 f - an amulet of regeneration (around neck)
 o - a +6 ring of strength (left hand)
Wands
 t - a wand of charming (6)
 y - a wand of flame (4)
Scrolls
 c - 2 scrolls of magic mapping
 g - 2 scrolls of brand weapon
 h - 2 scrolls of fog
 l - a scroll of vulnerability
 p - 6 scrolls of poison
 r - 5 scrolls of noise
 s - 3 scrolls of teleportation
 u - a scroll of enchant armour
 w - a scroll of immolation
 A - a scroll of torment {unknown}
Potions
 d - 2 potions of cancellation {unknown}
 e - a potion of flight {unknown}
 i - a potion of curing
 j - 2 potions of invisibility {unknown}
 k - a potion of lignification {unknown}
 n - a potion of degeneration {unknown}
 x - 2 potions of brilliance {unknown}
 z - a potion of mutation {unknown}
 B - a potion of heal wounds {unknown}


   Skills:
 + Level 11.9 Fighting
 - Level 3.6 Axes
 + Level 6.9 Armour
 * Level 4.5 Dodging


You had 7 spell levels left.
You didn't know any spells.
Your spell library was empty.

Dungeon Overview and Level Annotations

Branches:
Dungeon (6/15)             Temple (0/1) D:6

Altars:
Nemelex Xobeh

Shops:
D:3 =


Innate Abilities, Weirdness & Mutations

You have a pair of horns on your head.
You reflexively headbutt those who attack you in melee.


Message History

You headbutt the orc warrior, but do no damage.
You hit the orc but do no damage. You hit the orc warrior. You hit the orc.
You kill the orc!
Trog accepts your kill. The orc hits you but does no damage.
The orc warrior closely misses you. You furiously retaliate!
You headbutt the orc warrior, but do no damage.
You hit the orc.
The orc is moderately wounded.
You hit the orc warrior. The orc barely misses you. You furiously retaliate!
You headbutt the orc. The orc warrior closely misses you.
You closely miss the orc. You headbutt the orc.
You kill the orc!
Trog accepts your kill.
You hit the orc warrior but do no damage.
The orc warrior hits you with a +0 dire flail!
The orc warrior closely misses you.
Things that are here:
a +0 short sword; a +0 ring mail; an orc corpse You slash the orc warrior!
You headbutt the orc warrior.
The orc warrior is severely wounded.
The orc warrior hits you with a +0 dire flail.
You hit the orc warrior. Your headbutt misses the orc warrior.
The orc warrior is severely wounded.
The orc warrior hits you with a +0 dire flail!!
* * * LOW HITPOINT WARNING * * *
You closely miss the orc warrior. Your headbutt misses the orc warrior.
The orc warrior is severely wounded.
The orc warrior closely misses you. You furiously retaliate!
You headbutt the orc warrior.
Unknown command.
You hit the orc warrior but do no damage.
The orc warrior is almost dead.
The orc warrior hits you with a +0 dire flail!
* * * LOW HITPOINT WARNING * * *
Unknown command.
A red film seems to cover your vision as you go berserk!
You feel yourself moving faster!
You feel mighty!
The orc warrior hits you with a +0 dire flail!
You die...

#..# ########. #..#
......... ##..# ###.....
#...# #..... ##..# #..###
# #?.# #.##..
#.###..##########.#...
#........:........#...
.....####@o########.......
### #.)# #.....## #.##
#####... #.# #### #.. #.#
### .# #.. ... .#### .#
#.# #.... ..# .....
#.####.#### #.#.# #.#
#####


You could see an orc warrior.

Vanquished Creatures
  Grinder (D:3)
  A sky beast (D:6)
  4 black bears
  4 ogres
  A necrophage (D:5)
  A scorpion (D:6)
  A howler monkey (D:6)
  A jelly (D:6)
  2 orc priests (D:6)
  4 hounds
  An iguana (D:6)
  3 orc wizards
  Natasha (twice) (D:2)
  A hound skeleton (D:4)
  13 gnolls
  14 adders
  2 ufetubi (D:6)
  An adder zombie (D:4)
  2 adder skeletons (D:4)
  A worm (D:3)
  The ghost of croobank the Sneak, a weakling DgDe (D:5)
  4 dart slugs
  8 orcs
  13 ball pythons
  10 endoplasms
  2 giant cockroaches
  2 goblins (D:2)
  11 hobgoblins
  7 quokkas
  9 bats
  3 frilled lizards
  A jackal zombie (D:4)
  11 kobolds
  3 rats
145 creatures vanquished.

Vanquished Creatures (others)
  7 withered plants (D:4)
7 creatures vanquished.

Grand Total: 152 creatures vanquished

Notes
Turn   | Place    | Note
-------+----------+-------------------------------------------
     0 | D:1      | Legacy the Minotaur Berserker began the quest for the Orb.
     0 | D:1      | Reached XP level 1. HP: 19/19 MP: 0/0
   104 | D:1      | Reached skill level 4 in Fighting
   148 | D:1      | Reached XP level 2. HP: 22/28 MP: 1/1
   870 | D:1      | Reached skill level 5 in Fighting
   980 | D:1      | Reached XP level 3. HP: 36/36 MP: 2/2
  1327 | D:1      | Found a faded altar of an unknown god.
  1485 | D:2      | Noticed Natasha
  1687 | D:2      | Killed Natasha
  1805 | D:2      | Reached skill level 6 in Fighting
  1805 | D:2      | Reached XP level 4. HP: 20/45 MP: 3/3
  2089 | D:2      | Reached ** piety under Trog
  2204 | D:2      | Reached XP level 5. HP: 51/51 MP: 4/4
  2248 | D:2      | Reached skill level 7 in Fighting
  2568 | D:2      | Noticed Natasha
  2589 | D:2      | Killed Natasha
  3213 | D:3      | Found Lofuh's Jewellery Shop.
  3215 | D:3      | Reached skill level 8 in Fighting
  3355 | D:3      | You fall into a shaft and drop 2 floors!
  3355 | D:5      | Entered Level 5 of the Dungeon
  3390 | D:5      | Found a runed translucent door.
  3391 | D:5      | Noticed croobank's ghost (weakling DgDe)
  3422 | D:5      | Killed croobank's ghost
  3498 | D:4      | Reached *** piety under Trog
  3582 | D:4      | Reached XP level 6. HP: 61/61 MP: 5/5
  4152 | D:4      | Reached skill level 9 in Fighting
  4246 | D:4      | Reached XP level 7. HP: 62/70 MP: 6/6
  4410 | D:3      | Noticed Grinder
  4419 | D:3      | Paralysed by Grinder for 5 turns
  4444 | D:3      | Paralysed by Grinder for 4 turns
  4450 | D:3      | Paralysed by Grinder for 3 turns
  4460 | D:3      | Killed Grinder
  4461 | D:3      | Reached skill level 10 in Fighting
  4996 | D:5      | Reached XP level 8. HP: 71/79 MP: 7/7
  5463 | D:6      | Found a sparkling altar of Nemelex Xobeh.
  5481 | D:6      | Reached skill level 11 in Fighting
  5487 | D:6      | Reached **** piety under Trog
  5511 | D:6      | Reached skill level 5 in Armour
  5834 | D:6      | Found a staircase to the Ecumenical Temple.
  5965 | D:6      | HP: 4/83 [orc warrior/+0 dire flail (16)]
  5966 | D:6      | Slain by an orc warrior

Illustrated notes

Levels and vault maps discovered:
D:1:      psy_arrival_radial01, layout_loops_ring,
          hellmonk_ecumenical_altar_run_dry, minmay_hedge_maze
D:2:      layout_loops_cross, minmay_snake_closets, uniq_natasha
D:3:      layout_basic, serial_shops, nicolae_square_shop, st_stairs_3,
          corexii_corridor_pit, uniq_grinder
D:4:      layout_loops_cross, serial_undead, serial_undead_c, serial_undead_b,
          serial_undead_f, serial_undead_b, bh_walls_and_bars
D:5:      layout_basic, gammafunk_ghost_grave
D:6:      layout_loops_ring, nemelex_xobeh_ov_fountains_minmay,
          minmay_temple_entry_mini_moons, kennysheep_nub, minmay_bent

Skill      XL: |  1  2  3  4  5  6  7  8 |
---------------+-------------------------+-----
Fighting       | 4 5 6 8 9 10 11 | 11.9
Armour         | 4 6 |  6.9
Dodging        | 3 4 |  4.5
Axes           | |  3.6

Action                   |  1- 3 |  4- 6 |  7- 9 || total
-------------------------+-------+-------+-------++-------
Melee: Hand axe          |   122 |   187 |   140 ||   449
       Headbutt          |    32 |    41 |    27 ||   100
       Punch             |     1 |     2 |     1 ||     4
Invok: Berserk           |     1 |       |     3 ||     4
  Use: Potion            |     2 |       |       ||     2
       Scroll            |       |     6 |     4 ||    10
 Stab: Sleeping          |     1 |       |       ||     1
Armor: Animal skin       |     2 |       |       ||     2
       Chain mail        |    34 |    85 |       ||   119
       Plate armour      |       |    41 |   111 ||   152
Dodge: Dodged            |    46 |   105 |    70 ||   221
